 Dungeon Crawl Stone Soup version 0.29-a0-581-ge9a90b782e (webtiles) character file.

Game seed: 12552646179029075236

67 Nedwor the Covered (level 4, 0/29 HPs)
             Began as a Gargoyle Fighter on June 14, 2022.
             Slain by a gnoll
             ... wielding a +2 whip of electrocution
              (2 damage)
             ... on level 3 of the Dungeon.
             The game lasted 00:03:09 (2654 turns).

Nedwor the Covered (Gargoyle Fighter)               Turns: 2654, Time: 00:03:09

Health: 0/29       AC: 16    Str: 21    XL:     4   Next: 16%
Magic:  4/4        EV:  7    Int:  9    God:
Gold:   106        SH:  4    Dex:  9    Spells: 3/3 levels left

rFire   . . .      SeeInvis .   a - +0 flail
rCold   . . .      Faith    .   c - +0 buckler
rNeg    + . .      Spirit   .   o - +0 chain mail
rPois   ∞          Reflect  .   k - +2 hat
rElec   +          Harm     .   i - +0 cloak
rCorr   .          Rampage  .   (no gloves)
Will    +....                   (no boots)
Stlth   ..........              (no amulet)
HPRegen 0.09/turn               l - ring of willpower
MPRegen 0.09/turn               (no ring)

@: no status effects
A: sickness immunity, AC +3, negative energy resistance 1, electricity
resistance, torment resistance 1, petrification resistance
a: no special abilities


You were on level 3 of the Dungeon.
You visited 1 branch of the dungeon, and saw 3 of its levels.

You collected 106 gold pieces.

Inventory:

Hand Weapons
 a - a +0 flail (weapon)
Armour
 c - a +0 buckler (worn)
 i - a +0 cloak (worn)
 k - a +2 hat (worn)
 o - a +0 chain mail (worn)
Jewellery
 l - a ring of willpower (left hand)
Scrolls
 b - a scroll of magic mapping {unknown}
 e - a scroll of enchant armour {unknown}
 g - 3 scrolls of identify {unknown}
 h - 2 scrolls of amnesia {unknown}
 m - a scroll of fog {unknown}
 p - a scroll of noise {unknown}
Potions
 d - a potion of might
 f - a potion of degeneration {unknown}
 j - a potion of attraction {unknown}
 n - a potion of ambrosia {unknown}


   Skills:
 + Level 3.8 Fighting
 + Level 2.5(2.7) Maces & Flails
 + Level 1.3(2.1) Staves
 + Level 3.8 Armour
 + Level 3.7 Shields


You had 3 spell levels left.
You didn't know any spells.
Your spell library was empty.

Dungeon Overview and Level Annotations

Branches:
Dungeon (3/15)

Altars:
Wu Jian


Innate Abilities, Weirdness & Mutations

You are immune to sickness and miasma.
Your stone body is resilient. (AC +3)
You are immune to poison.
You resist negative energy. (rN+)
You are resistant to electric shocks. (rElec)
You are resistant to unholy torment.
You are immune to petrification.


Message History

The gnoll barely misses you. The gnoll hits you but does no damage.
You block the gnoll's attack. The gnoll hits you with a +0 club.
* * * LOW HITPOINT WARNING * * *
You barely miss the gnoll.
The gnoll is almost dead.
The gnoll hits you but does no damage. x2
You barely miss the gnoll.
The gnoll is almost dead.
You block the gnoll's attack. x2
You closely miss the gnoll.
The gnoll is almost dead.
The gnoll closely misses you. The gnoll barely misses you.
You hit the gnoll.
You kill the gnoll!
The gnoll barely misses you. The gnoll hits you but does no damage.
The gnoll hits you with a +2 whip of electrocution.
* * * LOW HITPOINT WARNING * * *
You have reached level 4!
You feel clever.
You hit the gnoll but do no damage. You block the gnoll's attack.
The gnoll hits you with a +2 whip of electrocution.
* * * LOW HITPOINT WARNING * * *
You barely miss the gnoll. The gnoll barely misses you. x2
You hit the gnoll but do no damage. The gnoll barely misses you.
The gnoll closely misses you.
The gnoll hits you but does no damage. x2
You sock the gnoll!
The gnoll is severely wounded.
A hobgoblin comes into view.
The gnoll hits you with a +2 whip of electrocution.
* * * LOW HITPOINT WARNING * * *
The gnoll hits you but does no damage.
You closely miss the gnoll.
The gnoll is severely wounded.
The hobgoblin shouts!
The gnoll hits you but does no damage. You block the gnoll's attack.
You closely miss the gnoll.
The gnoll is severely wounded.
The gnoll hits you but does no damage. x2
The gnoll hits you with a +2 whip of electrocution.
You die...

#.##.......?.
#..#.........
#.#.......#
#.........#
##g.......#
#........#
#g.####.##
##g# # #@##
#..# ##.## .#
#..##.#
##.##.#
#..#.# ##)#.#
#.#.# #...#


You could see 2 gnolls and a hobgoblin.

Vanquished Creatures
  A gnoll (D:3)
  3 dart slugs
  3 ball pythons (D:1)
  6 endoplasms
  A giant cockroach (D:3)
  3 goblins
  3 hobgoblins
  2 jackals (D:1)
  2 quokkas (D:1)
  6 bats
  4 frilled lizards
  6 kobolds
  8 rats
48 creatures vanquished.

Notes
Turn   | Place    | Note
-------+----------+-------------------------------------------
     0 | D:1      | Nedwor the Gargoyle Fighter began the quest for the Orb.
     0 | D:1      | Reached XP level 1. HP: 14/14 MP: 1/1
   373 | D:1      | Reached XP level 2. HP: 19/19 MP: 2/2
   653 | D:1      | Found a faded altar of an unknown god.
  1024 | D:1      | Reached XP level 3. HP: 23/23 MP: 3/3
  1067 | D:1      | Reached skill level 1 in Staves
  1724 | D:2      | Found an ornate altar of the Wu Jian Council.
  2649 | D:3      | Reached XP level 4. HP: 5/29 MP: 4/4
  2654 | D:3      | Slain by a gnoll

Illustrated notes

Levels and vault maps discovered:
D:1:      kilobyte_arrival_exit_the_forest, layout_loops_corners,
          ebering_ecumenical_altar_abandoned, hangedman_feature_mirror,
          columned_hall_lemuel
D:2:      layout_basic, basic_altar
D:3:      layout_basic, minivault_27

Skill      XL: |  1  2  3 |
---------------+----------+-----
Staves         | 1 |  1.3
Fighting       | |  3.8
Maces & Flails | |  2.5
Armour         | |  3.8
Shields        | |  3.7

Action                   |  1- 3 |  4- 6 || total
-------------------------+-------+-------++-------
Melee: Flail             |   168 |     6 ||   174
Armor: Scale mail        |    76 |       ||    76
       Chain mail        |    31 |     6 ||    37
Dodge: Dodged            |    67 |     4 ||    71
Block: Buckler           |    39 |     2 ||    41

Table legend: (Time is in decaauts)
 A = Elapsed time spent in this place.
 B = Non-inter-level travel time spent in this place.
 C = Inter-level travel time spent in this place.
 D = Time resting spent in this place.
 E = Time spent auto-exploring this place.
 F = Levels seen in this place.
 G = Mean time per level.
                   A        B        C        D        E       F      G
               +--------+--------+--------+--------+--------+-----+--------+
         Total |   2718 |   2567 |    151 |      0 |   2129 |   3 |  906.0 |
       Dungeon |   2718 |   2567 |    151 |      0 |   2129 |   3 |  906.0 |
               +--------+--------+--------+--------+--------+-----+--------+

Top non-repeatable levels by time:
     D:1: 1646 daAuts
     D:2: 905 daAuts
     D:3: 166 daAuts
